 Dungeon Crawl Stone Soup version 0.21-a0-504-g2eda330 (webtiles) character file.

226 dvd the Covered (level 5, -7/46 HPs)
             Began as a Minotaur Fighter on Nov 26, 2017.
             Was an Initiate of Uskayaw.
             Mangled by Pikel
             ... wielding a +2 whip of electrocution
              (19 damage)
             ... on level 3 of the Dungeon.
             The game lasted 00:09:37 (2867 turns).

dvd the Covered (Minotaur Fighter)                  Turns: 2867, Time: 00:09:38

Health: -7/46      AC:  7    Str: 25    XL:     5   Next: 69%
Magic:  4/4        EV:  8    Int: 11    God:    Uskayaw [......]
Gold:   166        SH: 14    Dex: 11    Spells: 4/4 levels left

rFire    . . .     SeeInvis .   a - +0 war axe
rCold    . . .     Gourm    .   c - +0 shield
rNeg     . . .     Faith    .   b - +0 scale mail
rPois    +         Spirit   .   (helmet restricted)
rElec    .         Reflect  +   (no cloak)
rCorr    .         Harm     .   (no gloves)
MR       .....                  (no boots)
Stlth    ..........             u - +4 amulet of reflection
HPRegen  0.15/turn              e - ring of poison resistance
MPRegen  0.09/turn              i - +6 ring of intelligence

@: mighty
A: retaliatory headbutt, horns 2
a: Renounce Religion


You were on level 3 of the Dungeon.
You worshipped Uskayaw.
Uskayaw was noncommittal.
You were hungry.

You visited 1 branch of the dungeon, and saw 4 of its levels.

You collected 166 gold pieces.

Inventory:

Hand Weapons
 a - a +0 war axe (weapon)
Missiles
 j - 87 stones
 x - a tomahawk (quivered)
Armour
 b - a +0 scale mail (worn)
 c - a +0 shield (worn)
Jewellery
 e - a ring of poison resistance (left hand)
 i - a +6 ring of intelligence (right hand)
 u - a +4 amulet of reflection (around neck)
Wands
 y - a wand of flame (6)
Scrolls
 g - a scroll of magic mapping {unknown}
 k - a scroll of remove curse {unknown}
 l - 4 scrolls of blinking {unknown}
 m - 2 scrolls of identify {unknown}
 p - a scroll of noise {unknown}
 q - a scroll of amnesia {unknown}
 r - 3 scrolls of teleportation {unknown}
 s - a scroll of random uselessness {unknown}
 t - a scroll of enchant armour {unknown}
Potions
 n - a potion of brilliance {unknown}
 v - 2 potions of lignification {unknown}
Comestibles
 f - 2 bread rations
 h - a royal jelly
 o - 5 meat rations


   Skills:
 + Level 4.2 Fighting
 + Level 3.5 Axes
 + Level 0.4 Throwing
 + Level 5.6 Armour
 + Level 0.5 Dodging
 + Level 5.2 Shields


You had 4 spell levels left.
You didn't know any spells.

Dungeon Overview and Level Annotations

Branches:
Dungeon (4/15)
 Temple: D:4-7

Altars:
Uskayaw

Annotations:
D:3 Pikel


Innate Abilities, Weirdness & Mutations

You reflexively headbutt those who attack you in melee.
You have a pair of horns on your head.


Message History

There is an open door here.
There is an open door here.
Pikel cracks his whip.
There is an open door here.
There is an open door here.
There is an open door here.
There is an open door here.
Pikel says, "Why not give up?
You'll get fed.
Maybe."
Pikel says, "I just want to get paid!"
You block Pikel's attack.
You feel very mighty all of a sudden. You block Pikel's attack.
You barely miss Pikel.
Pikel hits you with a whip of electrocution.
* * * LOW HITPOINT WARNING * * *
You miss Pikel. You headbutt Pikel, but do no damage.
Pikel hits you but does no damage.
You closely miss Pikel. Your headbutt misses Pikel. Pikel barely misses you.
Pikel hits you but does no damage.
You are electrocuted!
You die...

#############.##...##.# #
#)..)....#..........#.# #
#.######....#..#...##.## # #.#
##........#......# # #.#
###................# # #.#
#...........######>##### # #.#
#.#........## #.....# # #.#
#.##.....#K# #####.# #
#.###.##....##@# #.# #
#........#.###'## #.# #
#####.#######...## #.####
##.## ##.....## ###.#...
##...# ##.......## ##.#.#.##
##....###.........####....#.#8
#.......'.........+.........#P
##....###.........####......#.
##.#.# ##.......## ##.#..©#©


You could see Pikel.

Vanquished Creatures
  2 orc priests (D:3)
  An orc wizard (D:3)
  The ghost of p0werm0de the Vexing, a weakling OpAM (D:3)
  4 adders
  4 oozes
  A worm (D:3)
  2 leopard geckos (D:1)
  3 orcs (D:3)
  3 giant cockroaches
  5 goblins
  9 hobgoblins
  7 jackals (D:1)
  9 kobolds
  A quokka (D:3)
  6 bats
  3 frilled lizards (D:1)
  8 rats
69 creatures vanquished.

Notes
Turn   | Place    | Note
-------+----------+-------------------------------------------
     0 | D:1      | dvd the Minotaur Fighter began the quest for the Orb.
     0 | D:1      | Reached XP level 1. HP: 19/19 MP: 0/0
    65 | D:1      | Reached XP level 2. HP: 27/27 MP: 1/1
   262 | D:1      | Reached XP level 3. HP: 33/33 MP: 2/2
   952 | D:2      | Reached XP level 4. HP: 19/40 MP: 3/3
  1467 | D:2      | Found a hide-covered altar of Uskayaw.
  1477 | D:2      | Became a worshipper of Uskayaw the Reveler
  1756 | D:3      | Found a transporter.
  1764 | D:3      | Reached * piety under Uskayaw
  1846 | D:3      | Found a transporter.
  1870 | D:3      | Noticed p0werm0de's ghost (weakling OpAM)
  1874 | D:3      | Killed p0werm0de's ghost
  2000 | D:3      | Reached ** piety under Uskayaw
  2368 | D:3      | Reached skill level 5 in Shields
  2459 | D:3      | Reached XP level 5. HP: 41/46 MP: 4/4
  2468 | D:3      | Reached *** piety under Uskayaw
  2685 | D:3      | Reached skill level 5 in Armour
  2748 | D:4      | Noticed a slave
  2758 | D:4      | Noticed Pikel
  2759 | D:4      | Noticed a slave
  2764 | D:4      | HP: 1/46 [Pikel/whip of electrocution (3)]
  2867 | D:3      | Mangled by Pikel

Vault maps used:
D:1:      lemuel_arrival_lava_pool
D:2:      minmay_wonky_spiral, nicolae_overflow_crystal_walls, first_bread
D:3:      gammafunk_wand_slinger
D:4:      nicolae_ossuary_entry_catacombs, portal_sewer_entry_b,
          guppyfry_early_orc_mine, uniq_duvessa, uniq_blork_the_orc, uniq_pikel

Skill      XL: |  1  2  3  4  5 |
---------------+----------------+-----
Armour         | 4 5 |  5.6
Shields        | 4 5 |  5.2
Fighting       | 4 |  4.2
Axes           | 3 |  3.5
Throwing       | |  0.4
Dodging        | |  0.5

Action                   |  1- 3 |  4- 6 || total
-------------------------+-------+-------++-------
Melee: War axe           |    87 |   124 ||   211
       Headbutt          |     6 |    13 ||    19
Throw: Stone             |    32 |    10 ||    42
       Throwing net      |       |     4 ||     4
       Tomahawk          |       |     2 ||     2
Invok: Stomp             |       |     2 ||     2
Evoke: Wand              |       |     6 ||     6
  Use: Potion            |       |     1 ||     1
  Eat: Chunk             |       |     6 ||     6
Armor: Scale mail        |    39 |    32 ||    71
Dodge: Dodged            |    24 |    21 ||    45
Block: Shield            |    47 |    89 ||   136
       Reflection        |       |     5 ||     5

Table legend:
 A = Spawn XP
 B = Non-spawn XP
 C = Spawn XP percentage of total XP
 D = Spawn monster count
 E = Non-spawn monster count
 F = Spawn count percentage of total count
 G = Total turns spent on level
                    A         B        C        D         E        F      G
               +---------+---------+-------+---------+---------+-------+---------
         Total |       0 |     323 |   0.0 |       0 |      69 |   0.0 |  2867
               +---------+---------+-------+---------+---------+-------+---------
           D:1 |       0 |      74 |   0.0 |       0 |      36 |   0.0 |   873
           D:2 |       0 |      38 |   0.0 |       0 |      11 |   0.0 |   872
           D:3 |       0 |     211 |   0.0 |       0 |      22 |   0.0 |  1105
               +---------+---------+-------+---------+---------+-------+---------
